Unix NetHack Version 5.0.0-0 post-release - last build May  4 2026 22:22:43 (774f63e81ad911689b3a0859ea89b322d5daca8d,branch:main).

Game began 2026-05-07 09:52:16, ended 2026-05-07 10:00:10.

31245981910, neutral male human Ranger

                                                  ..|G.--
                                                  |..@h..
                                                  --G....

31245981910 the Lookout      St:16 Dx:9 Co:17 In:13 Wi:13 Ch:7  Neutral
Dlvl:4  $:31 HP:0(30) Pw:7(7) AC:7  Xp:3 T:1025 

Latest messages:
 What do you want to eat? [fgi or ?*] f
 This cram ration is bland.
 You finish eating the cram ration.
 You kill the hobbit!
 You see here a dagger.
 A cloud of gas puts you to sleep!
 The gnome hits!
 You wake up.
 You hit the gnome!
 You kill the gnome!
 You miss the fox.
 The fox bites!
 You kill the fox!
 The gnome lord wields a thonged club!
 The gnome lord secures the tether on the thonged club.
 The gnome lord throws a thonged club!
 You are hit by a thonged club.
 The thonged club returns to the gnome lord's hand!
 The gnome lord throws a thonged club!
 You are hit by a thonged club!
 The gnome lord strikes at your displaced image and misses you!
 You miss the gnome lord.
 The gnome lord strikes at your displaced image and misses you!
 You hit the gnome lord!
 You miss the gnome lord.
 You miss the gnome lord.
 The gnome lord strikes at your displaced image and misses you!
 You hit the gnome lord.
 The gnome lord strikes at your displaced image and misses you!
 You kill the gnome lord!
 You find a trap door.
 A trap door opens up under you!
 The gnome lord hits!
 A runed dagger misses you.
 The gnome lord hits!
 The gnome lord hits!
 You see here a runed dagger.
 The gnome lord hits!
 You hit the gnome lord!
 The hobbit hits!
 The gnome lord hits!
 You miss the gnome lord.
 The gnome lord hits!
 The gnome hits!
 You die...
 Do you want your possessions identified? [ynq] (y) y
 Do you want to see your attributes? [ynq] (y) y
 Do you want an account of creatures vanquished? [ynaq] (y) y
 Do you want to see your conduct and achievements? [ynq] (y) y
 Do you want to see the dungeon overview? [ynq] (y) y

Inventory:
 Coins    ('$')
  $ - 31 gold pieces
 Weapons  (')')
  c - 55 +2 arrows (in quiver)
  d - 36 +0 arrows
  b - a +1 bow (alternate weapon; not wielded)
  a - a +1 dagger (weapon in right hand)
  h - a blessed +0 orcish dagger
 Armor    ('[')
  e - an uncursed +2 cloak of displacement (being worn)
 Comestibles  ('%')
  g - a cursed slime mold
  f - 3 uncursed cram rations
  i - an uncursed food ration
 Gems/Stones  ('*')
  j - an uncursed jet stone
  k - a cursed worthless piece of yellowish brown glass

31245981910 the Ranger's attributes:

Background:
 You were a Lookout, a level 3 male human Ranger.
 You were neutral, nominally on a mission for Venus
 who was opposed by Mercury (lawful) and Mars (chaotic).
 You were right-handed.
 You were in the Gnomish Mines, on level 4.
 You entered the dungeon 1025 turns ago.
 You had 79 experience points, 1 more was needed to attain level 4.

Basics:
 You had 0 out of 30 hit points.
 You had all 7 energy points (spell power).
 Your armor class was 7.
 Your wallet contained 31 zorkmids.
 Autopickup was off.

Final Characteristics:
 Your strength was 16 (limit:18/100).
 Your dexterity was 9 (limit:18).
 Your constitution was 17 (limit:18).
 Your intelligence was 13 (limit:18).
 Your wisdom was 13 (limit:18).
 Your charisma was 7 (limit:18).

Final Status:
 You weren't hungry.
 You were unencumbered.
 You were wielding a dagger.
 You had basic skill with dagger.

Final Attributes:
 You were devoutly aligned.
 You had automatic searching.
 You were displaced.
 You were warded.
 You are dead.

Miscellaneous:
 You didn't encounter any bones levels.
 Total elapsed playing time was 7 minutes and 52 seconds.

Major events:
 Turn
    1: 31245981910 the neutral male human Ranger entered the dungeon
  813: entered the Gnomish Mines
  909: attained the rank of Lookout (level 3)
 1025: killed by a gnome

You didn't know any spells.

Skills:
 Fighting Skills
   bare handed combat [Unskilled]
   riding             [Unskilled]
 Weapon Skills
   dagger             [Basic]
   knife              [Unskilled]
   axe                [Unskilled]
   pick-axe           [Unskilled]
   short sword        [Unskilled]
   morning star       [Unskilled]
   flail              [Unskilled]
   hammer             [Unskilled]
   quarterstaff       [Unskilled]
   polearms           [Unskilled]
   spear              [Unskilled]
   trident            [Unskilled]
   bow                [Basic]
   sling              [Unskilled]
   crossbow           [Unskilled]
   dart               [Unskilled]
   shuriken           [Unskilled]
   boomerang          [Unskilled]
   whip               [Unskilled]
 Spellcasting Skills
   healing spells     [Unskilled]
   divination spells  [Unskilled]
   escape spells      [Unskilled]

Voluntary challenges:
 Character rerolling was not enabled.
 You followed a strict vegan diet.
 You were an atheist.
 You were illiterate.
 You never genocided any monsters.
 You never polymorphed an object.
 You never changed form.
 You used no wishes.
Achievements:
 You entered the Gnomish Mines.
 You attained the rank of Lookout.

 The Dungeons of Doom: levels 1 to 2
    Level 1:
    Level 2:
       An altar.
       Stairs down to The Gnomish Mines.
 The Gnomish Mines: levels 3 to 4
    Level 3:
    Level 4: <- You were here.
       Final resting place for
          you, killed by a gnome.


Vanquished creatures:
  a gnome leader
  2 dwarves
  a hobbit
  6 gnomes
  a jackal
  2 foxes
  a goblin
  a sewer rat
  2 grid bugs
  2 lichens
  4 newts
23 creatures vanquished.

No species were genocided or became extinct.

Game over:
                       ----------
                      /          \
                     /    REST    \
                    /      IN      \
                   /     PEACE      \
                  /                  \
                  |   31245981910    |
                  |      31 Au       |
                  |   killed by a    |
                  |      gnome       |
                  |                  |
                  |                  |
                  |       2026       |
                 *|     *  *  *      | *
        _________)/\\_//(\/(/\)/\//\/|_)_______

Goodbye 31245981910 the Ranger...

You died in The Gnomish Mines on dungeon level 4 with 494 points,
and 31 pieces of gold, after 1025 moves.
You were level 3 with a maximum of 30 hit points when you died.

